 Dungeon Crawl Stone Soup version 0.28.0 (webtiles) character file.

Game seed: 11786966794173523892

141 Ayyar the Grasshopper (level 5, -5/43 HPs)
             Began as a Gnoll Warper on Mar 30, 2022.
             Slain by a scorpion (9 damage)
             ... on level 2 of the Dungeon.
             The game lasted 00:04:58 (2101 turns).

Ayyar the Grasshopper (Gnoll Warper)                Turns: 2101, Time: 00:04:58

Health: -5/43      AC:  3    Str: 12    XL:     5   Next: 24%
Magic:  12/12      EV: 12    Int: 13    God:
Gold:   65         SH:  0    Dex: 11    Spells: 14/14 levels left

rFire   . . .      SeeInvis .   a - +0 falchion
rCold   . . .      Faith    .   (no shield)
rNeg    . . .      Spirit   .   b - +0 leather armour
rPois   .          Reflect  .   (no helmet)
rElec   .          Harm     .   (no cloak)
rCorr   .          Rampage  .   (no gloves)
Will    .....                   (no boots)
Stlth   +.........              (no amulet)
HPRegen 0.14/turn               (no ring)
MPRegen 0.13/turn               (no ring)

@: no status effects
A: fangs 1, strong nose, distributed training
a: no special abilities


You were on level 2 of the Dungeon.
You visited 1 branch of the dungeon, and saw 2 of its levels.

You collected 65 gold pieces.

Inventory:

Hand Weapons
 a - a +0 falchion (weapon)
Missiles
 d - 5 boomerangs of dispersal
 f - 7 poisoned darts (quivered)
 h - 3 javelins
Armour
 b - a +0 leather armour (worn)
Jewellery
 k - an amulet of faith
Wands
 i - a wand of digging (8)
Scrolls
 c - a scroll of blinking
 e - 4 scrolls of identify {unknown}
 j - a scroll of magic mapping {unknown}
 m - a scroll of teleportation {unknown}
 n - a scroll of enchant armour {unknown}


   Skills:
 + Level 4.7 Fighting
 + Level 1.4 Short Blades
 + Level 4.7 Long Blades
 + Level 1.4 Axes
 + Level 1.4 Maces & Flails
 + Level 1.4 Polearms
 + Level 1.4 Staves
 + Level 1.4 Slings
 + Level 1.4 Bows
 + Level 1.4 Crossbows
 + Level 2.9 Throwing
 + Level 2.9 Armour
 + Level 4.7 Dodging
 + Level 1.4 Stealth
 + Level 1.4 Shields
 + Level 1.4 Unarmed Combat
 + Level 5.2 Spellcasting
 + Level 1.1 Conjurations
 + Level 1.1 Hexes
 + Level 1.1 Summonings
 + Level 1.1 Necromancy
 + Level 5.5 Translocations
 + Level 1.1 Transmutations
 + Level 1.1 Fire Magic
 + Level 1.1 Ice Magic
 + Level 1.1 Air Magic
 + Level 1.1 Earth Magic
 + Level 1.1 Poison Magic
 + Level 1.6 Invocations
 + Level 1.4 Evocations


You had 14 spell levels left.
You didn't know any spells.
Your spell library contained the following spells:

 Spells                   Type           Power      Damage    Failure   Level
 Blink                    Tloc           34%        N/A       3%          2
 Gell's Gravitas          Tloc           17%        N/A       7%          3
 Lesser Beckoning         Tloc           17%        N/A       7%          3
 Teleport Other           Tloc           17%        N/A       7%          3
 Manifold Assault         Tloc           17%        N/A       54%         5
 Malign Gateway           Summ/Tloc      6%         N/A       100%        7
 Summon Horrible Things   Summ           3%         N/A       100%        8


Dungeon Overview and Level Annotations

Branches:
Dungeon (2/15)

Altars:


Innate Abilities, Weirdness & Mutations

You have very sharp teeth.
Your uncanny sense of smell can sniff out nearby items.
Your experience applies equally to all skills.


Message History

You bump into the rock wall.
You feel sick. The scorpion barely misses you.
You bump into the rock wall.
You feel sick. The scorpion stings you!
You bump into the rock wall.
You feel sick.
The scorpion stings you but does no damage.
You hit the scorpion but do no damage.
The scorpion is lightly wounded.
You feel less invigorated.
You feel less confused.
You feel sick. The scorpion stings you! The scorpion completely misses you.
You hit the scorpion but do no damage.
The scorpion is lightly wounded.
You feel sick.
The scorpion stings you but does no damage.
You closely miss the scorpion.
You bite the scorpion, but do no damage.
The scorpion is lightly wounded.
You feel sick. The scorpion stings you.
* * * LOW HITPOINT WARNING * * *
You hit the scorpion.
The scorpion is heavily wounded.
You feel sick.
You are no longer poisoned.
The scorpion barely misses you.
The scorpion stings you but does no damage.
You hit the scorpion.
The scorpion is heavily wounded.
The scorpion stings you.
* * * LOW HITPOINT WARNING * * *
You barely miss the scorpion.
The scorpion is heavily wounded.
The scorpion stings you.
* * * LOW HITPOINT WARNING * * *
You closely miss the scorpion. Your bite misses the scorpion.
The scorpion is heavily wounded.
The scorpion closely misses you. x2
You hit the scorpion.
You punch the scorpion, but do no damage.
The scorpion is severely wounded.
The scorpion stings you!
You die...

# ### ##### #.# ....# #.#
....# #.###### ..>.#
#...@sg## ....#######
#.####..#### ..........#
#.##.#...#.### ..........#
#.##.........# ####......#
#.##....#..##..# #......#
#......#..#.## ∆ #####'##
#.##.....#.#.# #.#
#)##..#.....###
#######.####.........###.##


You could see a scorpion and a hobgoblin.

Vanquished Creatures
  Natasha (thrice) (D:2)
  An adder (D:2)
  3 worms (D:2)
  3 dart slugs
  2 ball pythons
  3 endoplasms
  A giant cockroach (D:2)
  3 goblins
  4 hobgoblins
  A jackal (D:2)
  6 kobolds
  2 quokkas
  3 bats (D:2)
  2 frilled lizards
  6 rats
43 creatures vanquished.

Notes
Turn   | Place    | Note
-------+----------+-------------------------------------------
     0 | D:1      | Ayyar the Gnoll Warper began the quest for the Orb.
     0 | D:1      | Reached XP level 1. HP: 20/20 MP: 6/6
   273 | D:1      | Reached XP level 2. HP: 26/26 MP: 7/7
   697 | D:1      | Reached XP level 3. HP: 31/31 MP: 9/9
   740 | D:2      | Noticed Natasha
   751 | D:2      | Killed Natasha
   752 | D:2      | Reached skill level 5 in Spellcasting
   752 | D:2      | Reached skill level 1 in Invocations
   753 | D:2      | Reached skill level 1 in Short Blades
   753 | D:2      | Reached skill level 1 in Axes
   753 | D:2      | Reached skill level 1 in Maces & Flails
   753 | D:2      | Reached skill level 1 in Polearms
   753 | D:2      | Reached skill level 1 in Staves
   753 | D:2      | Reached skill level 1 in Slings
   753 | D:2      | Reached skill level 1 in Bows
   753 | D:2      | Reached skill level 1 in Crossbows
   753 | D:2      | Reached skill level 1 in Stealth
   753 | D:2      | Reached skill level 1 in Shields
   753 | D:2      | Reached skill level 1 in Unarmed Combat
   753 | D:2      | Reached skill level 1 in Evocations
   968 | D:2      | Reached XP level 4. HP: 38/38 MP: 11/11
   971 | D:2      | Noticed Natasha
   989 | D:2      | Killed Natasha
   994 | D:2      | Reached skill level 1 in Conjurations
   994 | D:2      | Reached skill level 1 in Hexes
   994 | D:2      | Reached skill level 1 in Summonings
   994 | D:2      | Reached skill level 1 in Necromancy
   994 | D:2      | Reached skill level 1 in Transmutations
   994 | D:2      | Reached skill level 1 in Fire Magic
   994 | D:2      | Reached skill level 1 in Ice Magic
   994 | D:2      | Reached skill level 1 in Air Magic
   994 | D:2      | Reached skill level 1 in Earth Magic
   994 | D:2      | Reached skill level 1 in Poison Magic
  1360 | D:2      | Found a faded altar of an unknown god.
  1552 | D:2      | Noticed Natasha
  1560 | D:2      | Killed Natasha
  1561 | D:2      | Reached XP level 5. HP: 18/43 MP: 12/12
  2084 | D:2      | HP: 2/43 [scorpion (5)]
  2101 | D:2      | Slain by a scorpion

Illustrated notes

Levels and vault maps discovered:
D:1:      amcnicky_arrival_blooded_trapdoor, layout_basic,
          minmay_misc_feat_square
D:2:      layout_basic, basic_ecumenical_altar, minmay_increasing_density,
          uniq_natasha

Skill      XL: |  1  2  3  4 |
---------------+-------------+-----
Spellcasting   | 5 |  5.2
Invocations    | 1 |  1.6
Short Blades   | 1 |  1.4
Axes           | 1 |  1.4
Maces & Flails | 1 |  1.4
Polearms       | 1 |  1.4
Staves         | 1 |  1.4
Slings         | 1 |  1.4
Bows           | 1 |  1.4
Crossbows      | 1 |  1.4
Stealth        | 1 |  1.4
Shields        | 1 |  1.4
Unarmed Combat | 1 |  1.4
Evocations     | 1 |  1.4
Conjurations   | 1 |  1.1
Hexes          | 1 |  1.1
Summonings     | 1 |  1.1
Necromancy     | 1 |  1.1
Transmutations | 1 |  1.1
Fire Magic     | 1 |  1.1
Ice Magic      | 1 |  1.1
Air Magic      | 1 |  1.1
Earth Magic    | 1 |  1.1
Poison Magic   | 1 |  1.1
Fighting       | |  4.7
Long Blades    | |  4.7
Throwing       | |  2.9
Armour         | |  2.9
Dodging        | |  4.7
Translocations | |  5.5

Action                   |  1- 3 |  4- 6 || total
-------------------------+-------+-------++-------
Melee: Falchion          |    66 |    90 ||   156
       Bite              |     5 |     7 ||    12
       Punch             |     1 |     2 ||     3
  Use: Potion            |       |     2 ||     2
Armor: Leather armour    |    16 |    25 ||    41
Dodge: Dodged            |    41 |    70 ||   111
